 Dungeon Crawl Stone Soup version 0.24.0-123-gd5b16e6ec5 (webtiles) character file.

Game seed: 13475337013321850915, levelgen mode: deterministic

710929 ANON1729 the Victor of a Thousand Battles (level 27, -4/224 HPs)
             Began as a Demonspawn Gladiator on Dec 29, 2019.
             Was the Champion of Okawaru.
             Killed from afar by a Brimstone Fiend (40 damage)
             ... with damnation
             ... on level 7 of Gehenna.
             The game lasted 05:30:42 (82911 turns).

ANON1729 the Victor of a Thousand Battles (DsGl)   Turns: 82911, Time: 05:30:42

Health: -4/224     AC: 17    Str: 17    XL:     27
Magic:  39/40      EV: 39    Int: 14    God:    Okawaru [******]
Gold:   3576       SH:  6    Dex: 37    Spells: 30/52 levels left

rFire    + + +     SeeInvis +   Y - +9 lajatang (speed)
rCold    + . .     Gourm    .   (shield currently unavailable)
rNeg     + . .     Faith    .   p - +6 troll leather armour of Eternity {rElec Regen+ Dex+3}
rPois    .         Spirit   .   (helmet unavailable)
rElec    +         Reflect  +   I - scarf {rC+ rF+}
rCorr    +         Harm     .   x - +1 pair of gloves of the Gloaming {rN+ Regen+ Dex+7}
MR       ++...                  q - +0 pair of boots
Stlth    +++++++++.             n - +6 amulet of reflection
HPRegen  1.27/turn              a - ring "Dapass Hyuba" {rCorr Dex+4}
MPRegen  0.27/turn              d - ring "Jetuugu" {rElec Slay+5 SInv}

@: about to teleport, heroism, hasted, studying Polearms, very quick
A: horns 3, molten scales 3, agile 1, deformed body, fire resistance 3, ignite
blood, nightstalker 3, augmentation 3, flame cloud immunity
}: 5/15 runes: decaying, serpentine, slimy, silver, obsidian
a: Heroism, Finesse, Renounce Religion


You were on level 7 of Gehenna.
You worshipped Okawaru.
Okawaru was exalted by your worship.
You were not hungry.

You visited 12 branches of the dungeon, and saw 58 of its levels.
You visited 2 bazaars.
You also visited: Ossuary, Ice Cave and Volcano.

You collected 8636 gold pieces.
You spent 5060 gold pieces at shops.

Inventory:

Hand Weapons
 i - a +9 quarterstaff of chaos
 j - the +8 demon trident "Rift" {distort, reach+}
   (You found it on level 5 of the Pits of Slime)

   It warps and distorts space around it.
   Unwielding it can cause banishment or high damage.
 H - the +5 lajatang of Impatience {slice, MR++}
   (Okawaru gifted it to you on level 6 of the Lair of Beasts)

   It inflicts extra damage upon your enemies.
   It affects your resistance to hostile enchantments.
 W - the +7 sceptre of Asmodeus
   (You took it off Asmodeus on level 7 of Gehenna)
 Y - a +9 lajatang of speed (weapon)
Missiles
 k - 54 silver javelins (quivered)
 E - 4 throwing nets
Armour
 p - the +6 troll leather armour of Eternity (worn) {rElec Regen+ Dex+3}
   (You bought it in a shop on level 11 of the Dungeon)

   It affects your dexterity (+3).
   It insulates you from electricity.
   It increases your rate of regeneration.
 q - a +0 pair of boots (worn)
 t - the -1 pair of boots "Usediedy" {rElec Int+4}
   (Okawaru gifted it to you on level 7 of Gehenna)

   It affects your intelligence (+4).
   It insulates you from electricity.
 x - the +1 pair of gloves of the Gloaming (worn) {rN+ Regen+ Dex+7}
   (Okawaru gifted it to you on level 1 of the Vaults)

   It affects your dexterity (+7).
   It protects you from negative energy.
   It increases your rate of regeneration.
 I - a scarf of resistance (worn)
Jewellery
 a - the ring "Dapass Hyuba" (left hand) {rCorr Dex+4}
   (You acquired it on level 4 of the Lair of Beasts)

   [ring of resist corrosion]

   It affects your dexterity (+4).
   It provides partial protection from all sources of acid and corrosion.
 d - the ring "Jetuugu" (right hand) {rElec Slay+5 SInv}
   (You bought it in a shop on level 1 of the Depths)

   [ring of slaying]

   It affects your accuracy and damage with ranged weapons and melee attacks
   (+5).
   It insulates you from electricity.
   It lets you see invisible.
 n - a +6 amulet of reflection (around neck)
 N - the ring of Descent {Ice rPois}
   (You took it off a deep elf knight on level 3 of the Elven Halls)

   [ring of ice]

   It enhances your ice magic.
   It makes you vulnerable to fire.
   It protects you from cold.
   It protects you from poison.
 U - the ring "Udduf" {+Inv rElec rN+ Int+2}
   (You took it off a fire giant on level 4 of the Depths)

   [ring of intelligence]

   It affects your intelligence (+2).
   It insulates you from electricity.
   It protects you from negative energy.
   It lets you turn invisible.
Wands
 b - a wand of iceblast (23)
 S - a wand of clouds (27)
 T - a wand of digging (5)
 X - a wand of acid (50)
Scrolls
 c - 2 scrolls of summoning
 e - 11 scrolls of enchant armour
 h - 24 scrolls of teleportation
 l - 27 scrolls of remove curse
 o - 7 scrolls of fear
 r - 12 scrolls of fog
 s - 2 scrolls of blinking
 u - 3 scrolls of magic mapping
 z - 6 scrolls of immolation
 F - 7 scrolls of enchant weapon
 M - 8 scrolls of silence
 P - 9 scrolls of identify
 Q - 3 scrolls of vulnerability
 V - 9 scrolls of amnesia
Potions
 g - 8 potions of mutation
 m - a potion of cancellation
 v - 8 potions of flight
 w - 2 potions of resistance
 A - 4 potions of heal wounds
 B - 10 potions of curing
 C - 7 potions of haste
 D - 7 potions of magic
 G - 5 potions of ambrosia
 K - 8 potions of brilliance
 L - 4 potions of invisibility
 R - 4 potions of berserk rage
 Z - a potion of agility
Books
 J - a manual of Polearms
Miscellaneous
 y - 4 boxes of beasts
 O - 2 phantom mirrors
Comestibles
 f - 72 rations


   Skills:
 + Level 19.8(24.8) Fighting
 + Level 8.4(23.0) Polearms
 + Level 24.1(27) Staves
 - Level 2.0(7.0) Throwing
 - Level 4.0(9.0) Armour
 + Level 18.5(23.5) Dodging
 + Level 9.9(14.9) Stealth
 + Level 13.4 Spellcasting
 - Level 8.0 Charms
 + Level 15.7 Summonings
 - Level 8.0 Necromancy
 - Level 5.0 Translocations
 - Level 24.1 Invocations
 + Level 10.0 Evocations


You had 30 spell levels left.
You knew the following spells:

 Your Spells              Type           Power        Failure   Level  Hunger
a - Apportation           Tloc           ###...       1%          1    None
b - Song of Slaying       Chrm           ####....     1%          2    None
c - Regeneration          Chrm/Necr      ####......   1%          3    None
d - Summon Butterflies    Summ           ######..     0%          1    None
e - Animate Skeleton      Necr           N/A          1%          1    None
f - Blink                 Tloc           N/A          1%          2    None
g - Corpse Rot            Necr           N/A          1%          2    None
h - Summon Lightning Spi  Summ/Air       ####....     3%          4    ###....
i - Shadow Creatures      Summ           N/A          1%          6    ######.

Your spell library contained the following spells:

 Spells                   Type           Power        Failure   Level  Hunger
 Summon Small Mammal      Summ           ####         0%          1    None
 Infusion                 Chrm           ####         1%          1    None
 Call Imp                 Summ           ######..     1%          2    None
 Shroud of Golubria       Chrm/Tloc      ####..       1%          2    None
 Sublimation of Blood     Necr           ####......   1%          2    None
 Call Canine Familiar     Summ           ######..     1%          3    None
 Summon Guardian Golem    Hex/Summ       ####....     1%          3    None
 Swiftness                Chrm/Air       ###.....     2%          2    None
 Gell's Gravitas          Tloc           ###.......   3%          3    None
 Lesser Beckoning         Tloc           ###.......   3%          3    None
 Teleport Other           Tloc           ###.....     3%          3    None
 Summon Ice Beast         Ice/Summ       ####....     3%          4    ###....
 Summon Forest            Summ/Tloc      #####.....   3%          5    #####..
 Ozocubu's Armour         Chrm/Ice       ###.....     4%          3    None
 Spectral Weapon          Hex/Chrm       ###.....     4%          3    None
 Confusing Touch          Hex            #.....       9%          1    None
 Corona                   Hex            #......      9%          1    None
 Flame Tongue             Conj/Fire      #....        9%          1    None
 Freeze                   Ice            #...         9%          1    None
 Magic Dart               Conj           #...         9%          1    None
 Sandblast                Erth           #.....       9%          1    None
 Shock                    Conj/Air       #...         9%          1    None
 Sting                    Conj/Pois      #...         9%          1    None
 Portal Projectile        Hex/Tloc       ###...       9%          3    None
 Agony                    Necr           ####....     9%          5    #####..
 Summon Mana Viper        Hex/Summ       ####....     10%         5    #####..
 Passage of Golubria      Tloc           N/A          11%         4    ###....
 Summon Hydra             Summ           ######....   12%         7    #######
 Ensorcelled Hibernation  Hex/Ice        #.....       13%         2    None
 Passwall                 Tmut/Erth      #.......     13%         2    None
 Poisonous Vapours        Pois/Air       #.....       13%         2    None
 Searing Ray              Conj           #.....       13%         2    None
 Slow                     Hex            #.......     13%         2    None
 Throw Flame              Conj/Fire      #.....       13%         2    None
 Throw Frost              Conj/Ice       #.....       13%         2    None
 Confuse                  Hex            #.......     26%         3    None
 Conjure Flame            Conj/Fire      #.......     26%         3    None
 Dazzling Spray           Conj/Hex       #.....       26%         3    None
 Ignite Poison            Fire/Tmut/Pois #.......     26%         3    None
 Inner Flame              Hex/Fire       #.......     26%         3    None
 Mephitic Cloud           Conj/Pois/Air  #.......     26%         3    None
 Static Discharge         Conj/Air       #.......     26%         3    None
 Stone Arrow              Conj/Erth      #.....       26%         3    None
 Tukima's Dance           Hex            #.......     26%         3    None
 Force Lance              Conj/Tloc      ###.....     30%         4    ###....
 Bolt of Draining         Conj/Necr      ###.......   41%         5    #####..
 Borgnjor's Vile Clutch   Necr/Erth      ###.......   41%         5    #####..
 Iskenderun's Battlesphe  Conj/Chrm      ###.....     41%         5    #####..
 Airstrike                Air            #.........   63%         4    ###....
 Cause Fear               Hex            #.........   63%         4    ###....
 Fulminant Prism          Conj/Hex       #.........   63%         4    ###....
 Iskenderun's Mystic Bla  Conj           #.......     63%         4    ###....
 Leda's Liquefaction      Hex/Erth       #.........   63%         4    ###....
 Olgreb's Toxic Radiance  Pois           #.......     63%         4    ###....
 Petrify                  Tmut/Erth      #.......     63%         4    ###....
 Sticky Flame             Conj/Fire      #.......     63%         4    ###....
 Throw Icicle             Conj/Ice       #.......     63%         4    ###....
 Malign Gateway           Summ/Tloc      #####.....   71%         7    #######
 Alistair's Intoxication  Tmut/Pois      #.......     93%         5    #####..
 Bolt of Magma            Conj/Fire/Erth #.........   93%         5    #####..
 Fireball                 Conj/Fire      #.........   93%         5    #####..
 Lee's Rapid Deconstruct  Erth           #.........   93%         5    #####..
 Lightning Bolt           Conj/Air       #.........   93%         5    #####..
 Silence                  Hex/Air        #.........   93%         5    #####..
 Venom Bolt               Conj/Pois      #.........   93%         5    #####..
 Yara's Violent Unravell  Hex/Tmut       #.........   93%         5    #####..
 Deflect Missiles         Chrm/Air       ###.......   94%         6    ######.
 Simulacrum               Ice/Necr       ###.......   94%         6    ######.
 Spellforged Servitor     Conj/Summ      ####......   96%         7    #######
 Conjure Ball Lightning   Conj/Air       #.........   100%        6    ######.
 Darkness                 Hex            #.........   100%        6    ######.
 Freezing Cloud           Conj/Ice/Air   #.........   100%        6    ######.
 Hydra Form               Tmut           #.........   100%        6    ######.
 Invisibility             Hex            #.......     100%        6    ######.
 Iron Shot                Conj/Erth      #.........   100%        6    ######.
 Statue Form              Tmut/Erth      #........    100%        6    ######.
 Orb of Destruction       Conj           #.........   100%        7    #######
 Discord                  Hex            #.........   100%        8    #######
 Ignition                 Fire           #.........   100%        8    #######
 Shatter                  Erth           #.........   100%        9    #######
 Tornado                  Air            #.........   100%        9    #######


Dungeon Overview and Level Annotations

Branches:
Dungeon (15/15)            Temple (1/1) D:6            Lair (6/6) D:9
  Swamp (4/4) Lair:4        Snake (4/4) Lair:4        Slime (5/5) Lair:6
    Orc (2/2) D:12            Elf (3/3) Orc:2        Vaults (5/5) D:13
  Crypt (0/3) Vaults:2     Depths (5/5) D:15           Hell (visited)
    Dis (0/7) Hell            Geh (7/7) Hell            Coc (0/7) Hell
    Tar (0/7) Hell            Zot (0/5) Depths:5    Ossuary (visited)
  IceCv (visited)         Volcano (visited)

Altars:
Ashenzari
Cheibriados
Dithmenos
Elyvilon
Fedhas
Gozag
Hepliaklqana
Kikubaaqudgha
Makhleb
Nemelex Xobeh
Okawaru
Qazlal
Ru
Sif Muna
Trog
Uskayaw
Vehumet
Wu Jian
Xom
Yredelemnul
Zin
The Shining One
Beogh

Shops:
D:11 *[   Orc:2 !(%(:   Snake:4 [   Vaults:1 (   Vaults:2 }[?%?   Vaults:4 [
Depths:1 =

Portals:
Hell: Depths:1 Depths:2 Depths:3 Depths:4 Depths:5
Abyss: Depths:3 Depths:4
Pandemonium: Depths:1 Depths:2 Depths:3
Ziggurat: Depths:5

Annotations:
Swamp:4 Lernaean hydra
Snake:1 1 runed translucent door, kuniqs's ghost, adept DEWz
Depths:5 3 runed translucent doors


Innate Abilities, Weirdness & Mutations

You have a pair of large horns on your head.
You are completely covered in molten scales. (AC +4, rF+)
Your flesh is almost immune to the effects of heat. (rF+++)
Your demonic aura causes spilled blood to erupt in flames.
You are completely attuned to the shadows.
Your magical and physical power is greatly enhanced at high health.
You are immune to clouds of flame.
You are agile. (Dex +2)
Armour fits poorly on your strangely shaped body.


Message History

The Brimstone Fiend is severely wounded.
The Brimstone Fiend hits you.
* * * LOW HITPOINT WARNING * * *
The Brimstone Fiend hits you!
* * * LOW HITPOINT WARNING * * *
The Brimstone Fiend closely misses you.
Unknown command.
You slice the Brimstone Fiend!!
You kill the Brimstone Fiend!
Okawaru accepts your kill.
Your Evocations skill increases to level 10!
Okay, then.
You slice the Brimstone Fiend!!
You headbutt the Brimstone Fiend, but do no damage.
The Brimstone Fiend is lightly wounded.
You slash the Brimstone Fiend! You headbutt the Brimstone Fiend.
The Brimstone Fiend is heavily wounded.
The Brimstone Fiend gestures at you.
The sphere of damnation explodes!
The damnation engulfs you!!!
You die...

≈≈≈≈≈≈≈≈*#..###..##§≈≈§§#..##.
≈≈≈≈≈≈≈≈*#..###..##≈≈≈§§#..##.
≈≈≈≈≈≈≈≈*#...#...##≈≈≈§§#.....
≈≈≈≈≈≈≈≈**.......#*≈≈≈§≈#.....
≈≈≈≈≈≈≈≈***#...###*≈≈≈≈≈###.)#
≈≈≈≈≈≈≈≈* ##+## *≈≈≈≈≈≈≈#..#
≈≈≈≈≈≈≈≈* #...# *≈≈≈≈≈≈≈#..#
≈≈≈≈≈≈≈≈* #...# *≈≈≈≈≈≈≈#..#
≈≈≈≈≈≈≈≈* #)@.# *≈≈≈≈≈≈≈#..#
≈≈≈≈≈≈≈≈* #..1# *≈≈≈≈≈≈##''#
≈≈≈≈≈≈≈≈* *#...#* *≈≈≈≈§≈#...#
≈≈≈≈≈≈≈≈***.....***≈≈≈≈§§#...#
≈≈≈≈≈≈≈≈**...#...**≈≈≈≈≈§#....
≈≈≈≈≈≈≈≈***,,,,,***≈≈≈≈≈≈#...#
≈≈≈≈≈≈≈≈* **,,,** *≈≈≈≈≈≈#...#
≈≈≈≈≈≈≈≈* *,,,* *≈≈≈≈≈≈##''#
≈≈≈≈≈≈≈≈* *,,,* *≈≈≈≈≈≈≈#..#


You could see a Brimstone Fiend.

Vanquished Creatures
  Asmodeus (Geh:7)
  the Royal Jelly (Slime:5)
  Mennas (Vaults:3)
  An ancient lich (Hell)
  4 juggernauts
  Mara (Depths:2)
  Sojobo (Depths:1)
  Bai Suzhen (Vaults:3)
  Frederick (Depths:3)
  Saint Roka (Depths:4)
  Geryon (Hell)
  4 caustic shrikes (Depths:4)
  8 golden dragons
  Jory (Vaults:2)
  A bone dragon (Geh:7)
  12 liches
  13 Brimstone Fiends
  Jorgrun (Orc:2)
  4 tentacled monstrosities
  2 deep elf master archers (Elf:3)
  2 titans
  Asterion (Depths:2)
  3 deep elf blademasters
  An ancient champion (Vaults:2)
  4 quicksilver dragons
  21 acid blobs
  6 sphinxes
  8 shadow dragons
  Roxanne (D:14)
  7 storm dragons
  18 fire giants
  Kirke (Snake:4)
  9 azure jellies
  12 nagarajas
  7 tengu reavers
  2 deep elf sorcerers
  A draconian knight (Depths:5)
  A cacodemon (Hell)
  10 frost giants
  2 iron dragons
  An emperor scorpion (shapeshifter) (Elf:3)
  17 balrugs
  22 vault wardens
  Louise (Elf:3)
  8 reapers
  A draconian stormcaller (Depths:5)
  4 deep elf elementalists
  2 war gargoyles
  17 ironheart preservers
  2 spriggan defenders (Depths:5)
  A draconian annihilator (Depths:5)
  3 vampire knights
  2 entropy weavers
  The ghost of Aruiteo Sooj the Fighter, a journeyman VSTm of Dithmenos (D:13)
  9 very ugly things
  9 deep elf demonologists
  2 red draconians (Depths:5)
  29 stone giants
  A dire elephant (Lair:5)
  4 green draconians (Depths:5)
  15 spark wasps
  A white draconian (Depths:5)
  2 yellow draconians (Depths:5)
  4 black draconians (Depths:5)
  3 purple draconians (Depths:5)
  Azrael (Elf:1)
  8 deep elf annihilators
  An eidolon (Vaults:1)
  15 deep elf death magi
  14 ettins
  3 quicksilver dragon zombies
  A merfolk impaler (Depths:3)
  7 death oozes
  3 merfolk javelineers
  16 ogre magi
  4 deep elf high priests
  17 yaktaur captains
  14 fire dragons
  3 jiangshi (Depths:2)
  A great orb of eyes (shapeshifter) (Vaults:5)
  21 hydras
  14 ice dragons
  14 great orbs of eyes
  28 naga warriors
  2 quicksilver dragon skeletons
  2 rakshasas (Vaults:1)
  32 vault guards
  A hydra (shapeshifter) (Vaults:5)
  3 shambling mangroves
  2 catoblepae
  3 ghost crabs
  6 anacondas
  4 alligators
  6 spriggan air magi
  11 centaur warriors
  2 two-headed ogres (shapeshifter)
  30 dancing weapons
  A death knight (D:14)
  47 two-headed ogres
  6 deep troll shamans (Depths:1)
  A tengu warrior (Depths:3)
  4 spriggan berserkers
  6 deep troll earth magi
  The ghost of Saltbearer the Demonic Cataclysm, a novice DsMo of Qazlal (D:9)
  13 death yaks
  2 orc high priests (Orc:2)
  13 hell hogs
  5 vampire magi (Depths:2)
  A titan zombie (Hell)
  Urug (Lair:5)
  25 naga sharpshooters
  17 sun demons
  5 shock serpents
  A soul eater (Hell)
  3 titan skeletons
  25 deep elf knights
  5 storm dragon zombies
  42 hell knights
  2 shadow wraiths
  A sixfirhy (Hell)
  An iron troll (Depths:1)
  2 anaconda zombies
  A spark wasp zombie (Hell)
  A death drake (shapeshifter) (Vaults:3)
  4 naga ritualists
  A gelid demonspawn (Depths:2)
  An unseen horror (D:15)
  16 deep trolls
  4 skeletal warriors (Vaults:1)
  2 storm dragon skeletons
  4 wizards
  2 golden dragon skeletons
  6 flayed ghosts
  14 swamp dragons
  4 phantasmal warriors
  A sea snake (shapeshifter) (Snake:4)
  4 glowing orange brains
  A shadow dragon zombie (Geh:7)
  2 golden dragon zombies
  6 harpies
  17 orc knights
  An orange crystal statue (Depths:1)
  A lindwurm (Lair:6)
  3 anaconda skeletons
  16 ironbrand convokers
  A lindwurm (shapeshifter) (Vaults:4)
  79 deep elf magi
  5 mana vipers
  18 necromancers
  2 stone giant zombies
  3 wolf spider zombies
  A wolf spider (shapeshifter) (Vaults:4)
  17 deep elf archers
  6 shining eyes
  3 iron dragon zombies
  2 iron dragon skeletons
  3 fire giant zombies
  3 orc sorcerers
  4 manticores
  2 wolf spiders
  8 cyclopes
  3 frost giant zombies
  6 salamanders
  31 ugly things
  44 black mambas
  A dire elephant zombie (Hell)
  2 stone giant skeletons
  A fire giant skeleton (Geh:3)
  19 vault sentinels
  6 elephants
  7 rust devils
  22 naga magi
  5 frost giant skeletons
  12 guardian serpents
  3 orange demons
  4 gargoyles
  3 ice statues
  10 spiny frogs
  A torpor snail (Lair:6)
  2 eyes of devastation
  A water nymph (shapeshifter) (Depths:3)
  2 smoke demons
  6 molten gargoyles
  5 spectral swamp worms (Depths:3)
  A yaktaur zombie (Hell)
  A kobold demonologist (D:11)
  A demonic crawler (Hell)
  4 dire elephant skeletons
  6 komodo dragons
  8 tormentors
  11 efreet
  16 hellions
  9 ice devils (Hell)
  41 yaktaurs
  2 komodo dragons (shapeshifter)
  4 rime drakes
  6 freezing wraiths
  3 hydra zombies (Hell)
  A yaktaur skeleton (Depths:1)
  25 red devils
  19 trolls
  3 tengu conjurers
  A queen bee (Depths:4)
  3 harpy zombies
  15 tyrant leeches
  A polar bear (shapeshifter) (D:9)
  14 polar bears
  A raiju (shapeshifter) (Depths:2)
  21 hornets
  7 blink frogs
  7 fire dragon zombies
  A fire giant simulacrum (Vaults:3)
  An alligator zombie (Geh:3)
  A harpy skeleton (Geh:3)
  6 ettin zombies
  5 hydra skeletons
  127 slime creatures
  A shapeshifter (Swamp:2)
  2 dream sheep (Lair:6)
  13 hippogriffs
  7 bog bodies
  2 deep troll zombies (Hell)
  A stone giant simulacrum (Vaults:3)
  59 flying skulls
  2 ice dragon zombies
  2 air elementals
  A centaur simulacrum (D:15)
  43 yaks
  2 black mamba zombies
  A spriggan (shapeshifter) (Vaults:2)
  13 shadows
  A redback (shapeshifter) (Vaults:5)
  10 spriggans
  A spriggan skeleton (Depths:1)
  4 wyverns
  16 water elementals
  A tarantella (shapeshifter) (Vaults:4)
  A black mamba skeleton (Geh:6)
  5 fire dragon skeletons
  3 alligator skeletons
  10 wraiths
  4 ettin skeletons
  A human (shapeshifter) (Depths:2)
  33 fire elementals
  A hog (Snake:4)
  A fire bat (shapeshifter) (Elf:1)
  A wyvern (shapeshifter) (D:9)
  2 ice dragon skeletons (Geh:6)
  A steam dragon (shapeshifter) (Depths:1)
  A basilisk (shapeshifter) (Vaults:1)
  A human (Snake:4)
  11 golden eyes
  A golden eye (shapeshifter) (Vaults:3)
  A basilisk (Lair:6)
  2 vampire mosquitoes
  2 hungry ghosts
  2 neqoxecs
  A steam dragon (D:10)
  Menkaure (D:6)
  A gelid demonspawn zombie (Geh:6)
  80 nagas
  4 spiny frog zombies
  3 acid dragons
  6 wargs
  22 swamp worms
  13 water moccasins
  A floating eye (Depths:5)
  22 insubstantial wisps
  A floating eye (shapeshifter) (Lair:2)
  30 hell hounds
  A porcupine (shapeshifter) (D:9)
  5 porcupines
  A hydra simulacrum (Hell)
  28 orc warriors
  A sky beast (shapeshifter) (Depths:5)
  14 swamp drakes
  13 eyes of draining
  A hornet zombie (Ossuary)
  2 snapping turtle zombies
  6 sky beasts
  5 black bears
  A human zombie (Vaults:3)
  7 necrophages
  2 spiny frog skeletons
  52 ogres
  19 boggarts
  34 centaurs
  4 phantoms
  2 elf zombies
  A tengu (shapeshifter) (D:9)
  2 ogres (shapeshifter) (Depths:1)
  19 wolves (IceCv)
  10 crocodiles
  A wyvern zombie (D:13)
  15 bullfrogs
  2 earth elementals
  A spiny frog simulacrum (Hell)
  2 human skeletons
  An elf skeleton (Geh:3)
  A glowing shapeshifter simulacrum (Vaults:2)
  A wyvern skeleton (D:14)
  A scorpion (D:5)
  34 killer bees
  35 wights
  6 electric eels
  A troll skeleton (Geh:3)
  A vampire bat (D:3)
  2 centaur zombies
  A lava snake (Lair:6)
  10 crimson imps
  3 jellies
  2 quasits
  6 bullfrog zombies
  2 centaur skeletons
  16 orc wizards
  Crazy Yiuf (D:2)
  11 orc priests
  5 hounds
  An iron imp (Hell)
  2 iguanas
  7 worker ants
  2 killer bee zombies (Ossuary)
  A naga zombie (Geh:5)
  2 hound zombies (Ossuary)
  15 mummies
  Robin (D:1)
  A howler monkey zombie (Ossuary)
  4 worker ant zombies
  A howler monkey skeleton (D:7)
  9 adders
  4 gnolls (D:7)
  2 shadow imps
  2 adder skeletons
  4 adder zombies (Ossuary)
  5 dart slugs
  16 fire bats
  5 leopard geckos
  78 orcs
  2 spectral bats (D:3)
  3 bat skeletons (D:3)
  A bat zombie (D:3)
  15 giant cockroaches
  25 goblins
  13 hobgoblins
  6 jackals
  A quokka (D:9)
  20 bats
  A bat simulacrum (D:3)
  7 frilled lizards
  A hobgoblin zombie (D:6)
  2 jackal zombies (Ossuary)
  8 kobolds
  A kobold zombie (D:6)
  A leopard gecko skeleton (D:4)
  2 leopard gecko zombies (Ossuary)
  A quokka skeleton (D:4)
  3 rats
  2 bushes (Lair:6)
  2 crawling corpses (Elf:3)
  A fire vortex (Geh:3)
  4 plants (Lair:2)
  A withered plant (Ossuary)
2821 creatures vanquished.

Vanquished Creatures (collateral kills)
  A vault warden (Vaults:5)
  A very ugly thing (Depths:4)
  A death ooze (Slime:5)
  A yaktaur captain (Depths:4)
  A deep elf high priest (Depths:4)
  A shambling mangrove (Swamp:2)
  A naga warrior (Snake:4)
  An anaconda (Snake:3)
  A hell knight (Geh:3)
  A sea snake (Snake:4)
  A swamp dragon (Swamp:4)
  A necromancer (Geh:5)
  A black mamba (Snake:4)
  A naga mage (Snake:3)
  A centaur skeleton (D:12)
  A red devil (Geh:7)
  An ice dragon zombie (Geh:3)
  A vampire mosquito (Swamp:2)
  4 nagas (Snake:3)
  A manticore zombie (Geh:5)
  3 orcs
26 creatures vanquished.

Vanquished Creatures (others)
  A nagaraja (Snake:4)
  A dancing weapon (Elf:1)
  A deep troll (Vaults:5)
  A deep elf mage (Elf:1)
  An orc sorcerer (Orc:2)
  An ettin zombie (Geh:2)
  A slime creature (Lair:6)
  2 flying skulls
  4 humans (Snake:4)
  2 swamp drakes (Swamp:4)
  An orc warrior (D:11)
  2 centaurs
  A wolf (IceCv)
  A wight (Geh:4)
  3 orcs
  3 fungi (Lair:6)
  7 plants
  2 withered plants (Ossuary)
35 creatures vanquished.

Grand Total: 2882 creatures vanquished

Notes
Turn   | Place    | Note
-------+----------+-------------------------------------------
     0 | D:1      | ANON1729 the Demonspawn Gladiator began the quest for the
                  | Orb.
     0 | D:1      | Reached XP level 1. HP: 16/16 MP: 1/1
   172 | D:1      | Gained mutation: Your flesh is heat resistant. (rF+)
                  | [demonic ancestry]
   172 | D:1      | Reached XP level 2. HP: 21/22 MP: 2/2
   762 | D:1      | Gained mutation: You are immune to clouds of flame.
                  | [demonic ancestry]
   762 | D:1      | Reached XP level 3. HP: 28/28 MP: 3/3
  1352 | D:2      | Noticed Robin
  1366 | D:2      | Gained mutation: You are partially covered in molten
                  | scales. (AC +2) [demonic ancestry]
  1366 | D:2      | Reached XP level 4. HP: 19/34 MP: 4/4
  1754 | D:1      | Killed Robin
  1990 | D:2      | Found a runed translucent door.
  1991 | D:2      | Noticed Crazy Yiuf
  2226 | D:2      | Found an opulent altar of Gozag.
  2319 | D:2      | Killed Crazy Yiuf
  2478 | D:3      | Found a stormy altar of Qazlal.
  2532 | D:3      | Reached XP level 5. HP: 35/41 MP: 5/5
  2647 | D:3      | Found a hide-covered altar of Uskayaw.
  2783 | D:3      | Reached XP level 6. HP: 47/47 MP: 6/6
  3483 | D:4      | Reached skill level 5 in Staves
  3842 | D:5      | Entered Level 5 of the Dungeon
  4192 | D:5      | Found a snail-covered altar of Cheibriados.
  4470 | D:5      | Found a basalt altar of Yredelemnul.
  4803 | D:6      | Gained mutation: You have a pair of small horns on your
                  | head. [demonic ancestry]
  4803 | D:6      | Reached XP level 7. HP: 54/54 MP: 7/7
  4855 | D:6      | Found a sand-covered staircase.
  4919 | Ossuary  | Entered an ossuary
  5308 | Ossuary  | Gained mutation: You are slightly more attuned to the
                  | shadows. [demonic ancestry]
  5308 | Ossuary  | Reached XP level 8. HP: 47/61 MP: 8/8
  5315 | Ossuary  | Reached skill level 5 in Dodging
  5422 | Ossuary  | Reached skill level 5 in Fighting
  6174 | D:6      | Found a staircase to the Ecumenical Temple.
  6252 | D:6      | Noticed Menkaure
  6613 | Temple   | Entered the Ecumenical Temple
  6709 | Temple   | Became a worshipper of Warmaster Okawaru
  6739 | D:6      | HP: 2/62 [electric eel/bolt of electricity (9)]
  7201 | D:6      | Reached skill level 1 in Invocations
  7739 | D:6      | Killed Menkaure
  7791 | D:6      | Found a shimmering altar of Xom.
  7791 | D:6      | Found a white marble altar of Elyvilon.
  8163 | D:7      | Noticed a hippogriff
  8172 | D:7      | Killed a hippogriff
  8172 | D:7      | Reached * piety under Okawaru
  8189 | D:7      | Found a glowing golden altar of the Shining One.
  8328 | D:7      | Reached XP level 9. HP: 67/69 MP: 12/12
  8466 | D:7      | Found a burning altar of Makhleb.
  9206 | D:8      | Noticed a two-headed ogre
  9215 | D:8      | Killed a two-headed ogre
  9215 | D:8      | Reached ** piety under Okawaru
  9409 | D:9      | Noticed a troll
  9428 | D:9      | Killed a troll
  9813 | D:9      | Reached *** piety under Okawaru
  9946 | D:9      | Found a staircase to the Lair.
 10413 | D:9      | Gained mutation: You have a pair of horns on your head.
                  | [demonic ancestry]
 10413 | D:9      | Reached XP level 10. HP: 71/77 MP: 15/15
 10470 | D:9      | Found a runed translucent gate.
 10470 | D:9      | Found a runed translucent gate.
 10471 | D:9      | Found a runed translucent gate.
 10611 | D:9      | Noticed a red ugly thing
 10612 | D:9      | Noticed a cyan ugly thing
 10612 | D:9      | Noticed a glowing orange brain
 10613 | D:9      | Noticed a purple very ugly thing
 10613 | D:9      | Noticed a cyan ugly thing
 10615 | D:9      | Noticed a purple ugly thing
 10615 | D:9      | Noticed a purple ugly thing
 10694 | D:10     | Entered Level 10 of the Dungeon
 10716 | D:10     | Noticed a two-headed ogre
 10813 | D:10     | Found a sparkling altar of Nemelex Xobeh.
 11247 | D:10     | Reached **** piety under Okawaru
 11765 | D:10     | Found a shimmering blue altar of Sif Muna.
 12295 | D:10     | Killed a two-headed ogre
 12411 | D:11     | Noticed a two-headed ogre
 12411 | D:11     | Noticed a brown ugly thing
 12478 | D:11     | Found a flickering gateway to a bazaar.
 12507 | Bazaar   | Entered a bazaar
 12507 | Bazaar   | Found Sonotzas's Weapon Emporium.
 12507 | Bazaar   | Found Ydanog's Assorted Antiques.
 12507 | Bazaar   | Found Hiogrog's Food Shop.
 12513 | Bazaar   | Found Zoucaops's Weapon Boutique.
 12513 | Bazaar   | Found Geast's Antique Weapon Shoppe.
 12550 | Bazaar   | Bought a scroll labeled CISUJA VURPHOSHRAIDE for 38 gold
                  | pieces
 12550 | Bazaar   | Bought a glowing pink potion for 34 gold pieces
 12550 | Bazaar   | Bought a scroll of identify for 76 gold pieces
 12573 | Bazaar   | Bought a small fluorescent amulet for 190 gold pieces
 12680 | D:11     | Noticed a smoke demon
 12680 | D:11     | Reached skill level 10 in Staves
 12802 | D:11     | Reached skill level 10 in Invocations
 12811 | D:11     | Killed a two-headed ogre
 12811 | D:11     | Reached ***** piety under Okawaru
 12811 | D:11     | Reached XP level 11. HP: 55/85 MP: 18/18
 12852 | D:11     | Found Suum Vuto's General Store.
 13293 | D:11     | Found Harehi's Armour Emporium.
 13337 | D:11     | Noticed a white ugly thing
 13342 | D:11     | Killed a brown ugly thing
 13349 | D:11     | Killed a white ugly thing
 13546 | D:12     | Received a gift from Okawaru
 13632 | D:12     | Noticed a brown ugly thing
 13642 | D:12     | Killed a brown ugly thing
 14090 | D:12     | Found a staircase to the Orcish Mines.
 14110 | D:12     | Found a roughly hewn altar of Beogh.
 14615 | D:13     | Noticed a centaur warrior
 14618 | D:13     | Noticed a deep elf mage
 14943 | D:13     | Found a gate to the Vaults.
 14943 | D:13     | Noticed an ironheart preserver
 15101 | Lair:1   | Entered Level 1 of the Lair of Beasts
 16311 | D:11     | Bought the +6 troll leather armour of Eternity {rElec
                  | Regen+ Dex+3} for 718 gold pieces
 16700 | Lair:2   | Noticed a six-headed hydra
 16708 | Lair:2   | Learned a level 1 spell: Apportation
 16797 | Lair:2   | Killed a six-headed hydra
 16797 | Lair:2   | Received a gift from Okawaru
 17155 | Lair:2   | Noticed a glowing shapeshifter
 17155 | Lair:2   | a water moccasin changed into a glowing shapeshifter
 17155 | Lair:2   | a glowing shapeshifter changed into a floating eye
 17156 | Lair:2   | Gained mutation: You have a pair of large horns on your
                  | head. [demonic ancestry]
 17156 | Lair:2   | Reached XP level 12. HP: 87/94 MP: 21/21
 18677 | Lair:4   | Found a staircase to the Snake Pit.
 19030 | Lair:4   | Received a gift from Okawaru
 19044 | Lair:4   | Got a wavering pewter ring
 19046 | Lair:4   | Identified the ring "Dapass Hyuba" {rCorr Dex+4} (You
                  | acquired it on level 4 of the Lair of Beasts)
 19049 | Lair:4   | Got a thick robe {god gift}
 19060 | Lair:4   | Identified the +2 robe of Foud {rElec Int+3 Stlth+}
                  | (Okawaru gifted it to you on level 4 of the Lair of Beasts)
 19104 | Lair:4   | Noticed a seven-headed hydra
 19119 | Lair:4   | Killed a seven-headed hydra
 19122 | Lair:4   | Noticed a seven-headed hydra
 19191 | Lair:4   | Killed a seven-headed hydra
 19207 | Lair:4   | Found a staircase to the Swamp.
 19753 | Lair:5   | Found a dark tunnel.
 19799 | Volcano  | Entered a volcano
 19827 | Volcano  | Noticed a stone giant
 19973 | Volcano  | Killed a stone giant
 20103 | Lair:5   | Noticed an eight-headed hydra
 20115 | Lair:5   | Killed an eight-headed hydra
 20152 | Lair:5   | Noticed a death yak
 20165 | Lair:5   | Killed a death yak
 20167 | Lair:5   | Received a gift from Okawaru
 20170 | Lair:5   | Got a warped ring mail {god gift}
 20216 | Lair:5   | Identified the +4 ring mail "Emeni" {-Tele rElec MR+ Dex+7}
                  | (Okawaru gifted it to you on level 5 of the Lair of Beasts)
 20258 | Lair:5   | Noticed a four-headed hydra
 20267 | Lair:5   | Killed a four-headed hydra
 20306 | Lair:5   | Gained mutation: Your magical and physical power is
                  | slightly enhanced at high health. [demonic ancestry]
 20306 | Lair:5   | Reached XP level 13. HP: 99/102 MP: 23/23
 20650 | Lair:5   | Noticed Urug
 20983 | Lair:5   | Killed Urug
 21038 | Lair:6   | Entered Level 6 of the Lair of Beasts
 21064 | Lair:6   | Found a staircase to the Slime Pits.
 21074 | Lair:6   | Reached skill level 10 in Fighting
 21204 | Lair:6   | Reached skill level 15 in Invocations
 21792 | Lair:6   | Received a gift from Okawaru
 21815 | Lair:6   | Got a bloodstained lajatang {god gift}
 21820 | Lair:6   | Identified the +5 lajatang of Impatience {slice, MR++}
                  | (Okawaru gifted it to you on level 6 of the Lair of Beasts)
 22014 | Lair:6   | Reached skill level 10 in Dodging
 22162 | Lair:6   | Noticed a dire elephant
 22228 | Lair:5   | Killed a dire elephant
 22228 | Lair:5   | Received a gift from Okawaru
 22400 | Lair:6   | Gained mutation: You are mostly covered in molten scales.
                  | (AC +3) [demonic ancestry]
 22400 | Lair:6   | Reached XP level 14. HP: 111/111 MP: 26/26
 23530 | D:13     | Received a gift from Okawaru
 23828 | D:13     | Killed an ironheart preserver
 23892 | D:13     | Found a runed translucent gate.
 23892 | D:13     | Found a runed translucent gate.
 23893 | D:13     | Found a runed translucent gate.
 23893 | D:13     | Noticed Aruiteo Sooj's ghost (journeyman VSTm)
 24566 | D:14     | Noticed Roxanne
 24759 | D:14     | Reached ****** piety under Okawaru
 25134 | D:14     | Received a gift from Okawaru
 25768 | D:14     | Killed Roxanne
 25831 | D:15     | Entered Level 15 of the Dungeon
 26182 | D:15     | Found a shimmering altar of Xom.
 27305 | D:14     | Got a brightly glowing ring mail
 27316 | D:14     | Identified the cursed +1 ring mail of the Manifold Lovers
                  | {rN++} (You found it on level 14 of the Dungeon)
 27344 | D:15     | Reached XP level 15. HP: 119/119 MP: 27/27
 27474 | D:15     | Received a gift from Okawaru
 27513 | D:15     | Found a staircase to the Depths.
 27615 | D:15     | Learned a level 2 spell: Song of Slaying
 27619 | D:15     | Learned a level 3 spell: Regeneration
 27621 | D:15     | Learned a level 1 spell: Summon Butterflies
 27623 | D:15     | Learned a level 1 spell: Animate Skeleton
 27813 | Orc:1    | Entered Level 1 of the Orcish Mines
 28075 | Orc:1    | Found a radiant altar of Vehumet.
 28420 | Orc:2    | Entered Level 2 of the Orcish Mines
 28422 | Orc:2    | Reached skill level 1 in Charms
 28438 | Orc:2    | Noticed Jorgrun
 28579 | Orc:2    | Found a frozen archway.
 28628 | IceCv    | Entered an ice cave
 28706 | IceCv    | Reached skill level 1 in Necromancy
 28709 | IceCv    | Reached skill level 1 in Spellcasting
 29381 | IceCv    | Received a gift from Okawaru
 29595 | IceCv    | Reached XP level 16. HP: 127/127 MP: 28/28
 30515 | Orc:2    | Reached skill level 5 in Necromancy
 30767 | Snake:1  | Entered Level 1 of the Snake Pit
 30822 | Snake:1  | Found a runed translucent door.
 30829 | Snake:1  | Noticed kuniqs's ghost (adept DEWz)
 30926 | Snake:1  | Reached skill level 15 in Staves
 30966 | Snake:1  | HP: 6/127 [naga warrior/+0 short sword (20)]
 30966 | Snake:1  | HP: 1/127 [naga warrior/+0 short sword (5)]
 31354 | Snake:1  | Found a shimmering altar of Xom.
 31378 | Snake:1  | Reached skill level 5 in Charms
 33306 | Snake:2  | Received a gift from Okawaru
 33389 | Snake:2  | You fall into a shaft and drop 1 floor!
 33687 | Snake:3  | Received a gift from Okawaru
 33820 | Snake:3  | Reached XP level 17. HP: 97/133 MP: 30/30
 34103 | Snake:3  | Received a gift from Okawaru
 35536 | Snake:4  | Entered Level 4 of the Snake Pit
 35683 | Snake:4  | Found Oplapong's Armour Shop.
 35703 | Snake:4  | Reached skill level 1 in Summonings
 35889 | Snake:4  | Reached skill level 1 in Translocations
 38098 | Snake:4  | Received a gift from Okawaru
 39241 | Snake:4  | Gained mutation: Your demonic aura causes spilled blood to
                  | erupt in flames. [demonic ancestry]
 39241 | Snake:4  | Reached XP level 18. HP: 136/142 MP: 31/31
 39243 | Snake:4  | Noticed Kirke
 39252 | Snake:4  | Killed Kirke
 39252 | Snake:4  | Reached skill level 5 in Spellcasting
 39463 | Snake:4  | Got a serpentine rune of Zot
 39954 | Snake:4  | Learned a level 2 spell: Blink
 40662 | Swamp:1  | Entered Level 1 of the Swamp
 42272 | Swamp:2  | Noticed Frances
 42288 | Swamp:2  | Frances changed into Frances the shapeshifter
 42368 | Swamp:2  | Received a gift from Okawaru
 42976 | Swamp:3  | Got a crude broad axe
 42977 | Swamp:3  | Identified the +8 broad axe of the Reaper {antimagic, rC-
                  | rN+ Str+6 Int-4} (You found it on level 3 of the Swamp)
 43556 | Swamp:2  | Found a bloodstained altar of Trog.
 43876 | Swamp:4  | Entered Level 4 of the Swamp
 44239 | Swamp:4  | Received a gift from Okawaru
 44781 | Swamp:4  | Identified the +2 scale mail "Reacs" {rN+ Int+2 Dex+3} (You
                  | found it on level 4 of the Swamp)
 44937 | Swamp:4  | Reached skill level 5 in Translocations
 45686 | Swamp:4  | Received a gift from Okawaru
 46804 | Swamp:4  | Noticed the 27-headed Lernaean hydra
 46807 | Swamp:4  | Gained mutation: You are significantly more attuned to the
                  | shadows. [demonic ancestry]
 46807 | Swamp:4  | Reached XP level 19. HP: 148/150 MP: 32/32
 47000 | Swamp:4  | Got a decaying rune of Zot
 47354 | D:9      | Received a gift from Okawaru
 47493 | D:9      | Found a runed translucent gate.
 47494 | D:9      | Found a runed translucent gate.
 47495 | D:9      | Found a runed translucent gate.
 47498 | D:9      | Noticed Saltbearer's ghost (novice DsMo)
 47510 | D:9      | Gained mutation: Your spells are a little easier to cast,
                  | but a little less powerful. [a neqoxec]
 47533 | D:9      | Killed Saltbearer's ghost
 47905 | Orc:2    | Killed Jorgrun
 47960 | Orc:2    | Found a staircase to the Elven Halls.
 47990 | Orc:2    | Found Isodd's Antique Weapon Shoppe.
 47996 | Orc:2    | Found Poatz's Food Shoppe.
 48088 | Orc:2    | Found Duaxis's Weapon Boutique.
 48249 | Orc:2    | Found Nanacrov's Distillery.
 48369 | Orc:2    | Found Taaras's Book Emporium.
 48696 | Elf:1    | Entered Level 1 of the Elven Halls
 48901 | Elf:1    | Noticed Azrael
 49469 | Elf:1    | Killed Azrael
 50354 | Elf:2    | Received a gift from Okawaru
 50357 | Elf:2    | Got a crude plate armour {god gift}
 50376 | Elf:1    | Identified the +4 plate armour "Kaliuts" {rF+ rCorr Int+2}
                  | (Okawaru gifted it to you on level 2 of the Elven Halls)
 50551 | Elf:2    | Identified Dispater's Reference Book on Creation
 50998 | Elf:2    | Found a huge runed translucent gate.
 50998 | Elf:2    | Found a huge runed translucent gate.
 50998 | Elf:2    | Found a huge runed translucent gate.
 50999 | Elf:2    | Found a huge runed translucent gate.
 51001 | Elf:2    | Found a huge runed translucent gate.
 51815 | Elf:2    | Gained mutation: Your magical and physical power is
                  | enhanced at high health. [demonic ancestry]
 51815 | Elf:2    | Reached XP level 20. HP: 146/159 MP: 34/34
 52148 | Elf:3    | Entered Level 3 of the Elven Halls
 53001 | Elf:3    | Received a gift from Okawaru
 53165 | Elf:3    | Identified the ring of Descent {Ice rPois}
 53426 | Elf:3    | Noticed Louise
 53446 | Elf:3    | Killed Louise
 53877 | Elf:3    | Learned a level 2 spell: Corpse Rot
 53957 | Elf:3    | Received a gift from Okawaru
 54110 | Elf:3    | Identified the +6 falchion of the Dragonfly {pain, Dex+3}
 54160 | Elf:3    | Identified Sif Muna's Almanac of the Bewitching Birds
 54197 | Elf:3    | Found the +1 cloak of Starlight {rElec rC+ EV+4 Stlth--}
 54545 | Vaults:1 | Entered Level 1 of the Vaults
 54906 | Vaults:1 | Reached skill level 15 in Fighting
 55642 | Vaults:1 | Reached XP level 21. HP: 150/168 MP: 32/35
 55643 | Vaults:1 | Received a gift from Okawaru
 55653 | Vaults:1 | Got a pair of heavily runed gloves {god gift}
 55664 | Vaults:1 | Identified the +1 pair of gloves of the Gloaming {rN+
                  | Regen+ Dex+7} (Okawaru gifted it to you on level 1 of the
                  | Vaults)
 55967 | Vaults:1 | Found Ligu's Weapon Shoppe.
 56459 | Vaults:2 | Found a staircase to the Crypt.
 56795 | Vaults:2 | Found Paqe's Gadget Emporium.
 57132 | Vaults:2 | Found Parautih's Food Shop.
 57160 | Vaults:2 | Found Hiyr's Magic Scroll Shoppe.
 57203 | Vaults:2 | Noticed Jory
 57219 | Vaults:2 | Killed Jory
 57632 | Vaults:2 | Found Gauj's Magic Scroll Shoppe.
 57905 | Vaults:2 | Found Vaehipit's Armour Emporium.
 58281 | Vaults:3 | Found a gateway to a bazaar.
 58300 | Bazaar   | Entered a bazaar
 58302 | Bazaar   | Found Xorphuap's Armour Boutique.
 58312 | Bazaar   | Found Xekug's Gadget Boutique.
 58312 | Bazaar   | Found Nankoirph's Book Boutique.
 58314 | Bazaar   | Found Urifosk's Weapon Boutique.
 58349 | Bazaar   | Bought a manual of Summonings for 1876 gold pieces
 58430 | Vaults:3 | Received a gift from Okawaru
 58442 | Vaults:3 | Noticed Mennas
 58443 | Vaults:3 | Noticed Bai Suzhen
 58929 | Vaults:3 | Killed Mennas
 58971 | Vaults:3 | Killed Bai Suzhen
 58971 | Vaults:3 | Received a gift from Okawaru
 59337 | Vaults:3 | Gained mutation: You are completely attuned to the shadows.
                  | [demonic ancestry]
 59337 | Vaults:3 | Reached XP level 22. HP: 173/178 MP: 37/37
 59346 | Vaults:3 | Reached skill level 15 in Dodging
 60554 | Vaults:4 | Found Guiqul's Antique Armour Shop.
 60761 | Vaults:4 | Received a gift from Okawaru
 60772 | Vaults:4 | Identified the +1 scale mail of the Merchant {-Cast rF+ rN+
                  | MR+} (Okawaru gifted it to you on level 4 of the Vaults)
 61793 | Vaults:4 | Identified the cursed ring of Caarphowi {rElec Slay-5} (You
                  | found it on level 4 of the Vaults)
 62094 | Depths:1 | Entered Level 1 of the Depths
 62153 | Depths:1 | Found a gateway to Hell.
 62775 | Depths:1 | Noticed a golden dragon
 62783 | Depths:1 | Killed a golden dragon
 62785 | Depths:1 | Got a translucent steel amulet
 62786 | Depths:1 | Identified the amulet "Bale" {Gourm MR+ Str+7 Slay-4
                  | Stlth+} (You found it on level 1 of the Depths)
 62804 | Depths:1 | Noticed a golden dragon
 62817 | Depths:1 | Noticed a juggernaut
 62824 | Depths:1 | Noticed a juggernaut
 62825 | Depths:1 | Killed a golden dragon
 62833 | Depths:1 | Killed a juggernaut
 62833 | Depths:1 | Received a gift from Okawaru
 62843 | Depths:1 | Killed a juggernaut
 62981 | Depths:1 | Reached XP level 23. HP: 186/186 MP: 38/38
 63498 | Depths:1 | Found a one-way gate leading to the halls of Pandemonium.
 63502 | Depths:1 | Received a gift from Okawaru
 63614 | Depths:1 | Found Vicat's Jewellery Shop.
 63618 | Depths:1 | Bought the ring "Jetuugu" {rElec Slay+5 SInv} for 2128 gold
                  | pieces
 63621 | Depths:1 | Noticed Sojobo
 63637 | Depths:1 | Killed Sojobo
 63887 | Depths:1 | Received a gift from Okawaru
 63887 | Depths:1 | Reached skill level 5 in Summonings
 64778 | Depths:2 | Noticed Asterion
 64787 | Depths:2 | Killed Asterion
 64814 | Depths:2 | Received a gift from Okawaru
 65091 | Depths:2 | Found the +6 Majin-Bo {vamp, Archmagi MP+6 Int+6}
 65443 | Depths:2 | Noticed Mara
 65451 | Depths:2 | Noticed ANON1729's illusion
 65456 | Depths:2 | Killed Mara
 65712 | Depths:3 | Found a one-way gate to the infinite horrors of the Abyss.
 66878 | Depths:3 | Noticed Frederick
 66888 | Depths:3 | Killed Frederick
 67440 | Depths:4 | Found a runed translucent door.
 67585 | Depths:4 | Received a gift from Okawaru
 67681 | Depths:4 | Gained mutation: Your magical and physical power is greatly
                  | enhanced at high health. [demonic ancestry]
 67681 | Depths:4 | Reached XP level 24. HP: 164/195 MP: 38/38
 67754 | Depths:4 | Received a gift from Okawaru
 67755 | Depths:4 | Noticed Saint Roka
 67769 | Depths:4 | Identified the ring "Udduf" {+Inv rElec rN+ Int+2}
 67777 | Depths:4 | Killed Saint Roka
 68531 | Depths:4 | Identified the +7 hand axe "Uczif" {chop, Str+4 Stlth+}
 68613 | Depths:4 | Received a gift from Okawaru
 68897 | Depths:4 | Noticed a juggernaut
 68905 | Depths:4 | Killed a juggernaut
 68905 | Depths:4 | Received a gift from Okawaru
 68905 | Depths:4 | Reached skill level 10 in Summonings
 68996 | Depths:4 | Paralysed by a sphinx for 5 turns
 69151 | Depths:4 | Reached skill level 10 in Spellcasting
 69400 | Depths:5 | Entered Level 5 of the Depths
 69513 | Depths:5 | Received a gift from Okawaru
 69584 | Depths:5 | Found a runed translucent door.
 69596 | Depths:5 | Found a runed translucent door.
 69612 | Depths:5 | Found a runed translucent door.
 69636 | Depths:5 | Found a runed translucent door.
 69706 | Depths:5 | Found a runed translucent door.
 69748 | Depths:5 | Found a runed translucent door.
 69825 | Depths:5 | Received a gift from Okawaru
 70011 | Depths:5 | Found a gate to the Realm of Zot.
 70278 | Depths:5 | Gained mutation: You are completely covered in molten
                  | scales. (AC +4, rF+) [demonic ancestry]
 70278 | Depths:5 | Reached XP level 25. HP: 204/204 MP: 39/39
 70313 | Depths:5 | Found an ornate altar of the Wu Jian Council.
 70323 | Depths:5 | Found a gateway to a ziggurat.
 70328 | Depths:5 | Paralysed by a floating eye for 2 turns
 70343 | Depths:5 | Paralysed by a floating eye for 4 turns
 70607 | Depths:5 | Noticed a juggernaut
 70615 | Depths:5 | Killed a juggernaut
 70615 | Depths:5 | Reached skill level 1 in Armour
 70615 | Depths:5 | Reached skill level 1 in Stealth
 70615 | Depths:5 | Reached skill level 1 in Evocations
 71458 | Vaults:5 | Entered Level 5 of the Vaults
 71466 | Vaults:5 | Received a gift from Okawaru
 72120 | Vaults:5 | Received a gift from Okawaru
 72275 | Vaults:5 | Identified the +4 ring mail "Mais" {rN+ rCorr Str+3} (You
                  | found it on level 5 of the Vaults)
 72388 | Vaults:5 | Received a gift from Okawaru
 72390 | Vaults:5 | Paralysed by a lich for 5 turns
 72764 | Vaults:5 | Got a silver rune of Zot
 73176 | Vaults:5 | Reached XP level 26. HP: 213/213 MP: 39/39
 73222 | Vaults:5 | Reached skill level 5 in Stealth
 73222 | Vaults:5 | Reached skill level 5 in Evocations
 73757 | D:13     | Killed Aruiteo Sooj's ghost
 73923 | Hell     | Entered the Vestibule of Hell
 73923 | Hell     | Noticed Geryon
 73940 | Hell     | Killed Geryon
 74073 | Hell     | Found a gateway to the Iron City of Dis.
 74085 | Hell     | Received a gift from Okawaru
 74170 | Hell     | Found a gateway to the freezing wastes of Cocytus.
 74276 | Hell     | Noticed an ancient lich
 74327 | Hell     | Killed an ancient lich
 74359 | Hell     | Found a gateway to the decaying netherworld of Tartarus.
 74419 | Hell     | Found a gateway to the ashen valley of Gehenna.
 74632 | Hell     | Identified the +0 plate armour of Hafiebb {rPois Str+6}
                  | (You acquired it in the Vestibule of Hell)
 74811 | Depths:1 | Got a faintly glowing quarterstaff {god gift}
 74812 | Depths:1 | Identified the +1 quarterstaff of Ebrirry {venom, rPois
                  | SInv} (Okawaru gifted it to you on level 1 of the Depths)
 74907 | Geh:1    | Entered Level 1 of Gehenna
 75608 | Slime:1  | Entered Level 1 of the Pits of Slime
 75708 | Slime:1  | Gained mutation: Scrolls take you a little longer to read.
                  | [a shining eye]
 75709 | Slime:1  | Gained mutation: Your body sometimes deteriorates upon
                  | taking damage. [a shining eye]
 75758 | Lair:6   | Learned a level 4 spell: Summon Lightning Spire
 75765 | Lair:6   | Learned a level 6 spell: Shadow Creatures
 75834 | Slime:1  | Lost mutation: Your body sometimes deteriorates upon taking
                  | damage. [potion of mutation]
 75834 | Slime:1  | Lost mutation: Scrolls take you a little longer to read.
                  | [potion of mutation]
 75834 | Slime:1  | Gained mutation: Your flesh is very heat resistant. (rF++)
                  | [potion of mutation]
 76498 | Slime:2  | Received a gift from Okawaru
 76546 | Slime:2  | Gained mutation: Armour fits poorly on your strangely
                  | shaped body. [a shining eye]
 76588 | Slime:2  | Gained mutation: You are frail. (-10% HP) [a shining eye]
 77613 | Slime:5  | Entered Level 5 of the Pits of Slime
 77742 | Slime:5  | Noticed the Royal Jelly
 78036 | Slime:5  | Killed the Royal Jelly
 78412 | Slime:5  | Found the +8 demon trident "Rift" {distort, reach+}
 78455 | Slime:5  | Identified the Compendium of Virous Execration
 78487 | Slime:5  | Identified Sif Muna's Reference Book on Glacial Evil Arts
 78493 | Slime:5  | Reached XP level 27. HP: 172/198 MP: 9/39
 78531 | Slime:5  | Found the +3 crown of Dyrovepreva {rElec Int+2 SInv}
 78551 | Slime:5  | Got a slimy rune of Zot
 78568 | Slime:5  | Identified the Compendium of the Feathery Glacier
 79076 | Geh:1    | Lost mutation: You are frail. (-10% HP) [potion of
                  | mutation]
 79076 | Geh:1    | Lost mutation: Your flesh is very heat resistant. (rF++)
                  | [potion of mutation]
 79076 | Geh:1    | Gained mutation: Your flesh is very heat resistant. (rF++)
                  | [potion of mutation]
 79076 | Geh:1    | Gained mutation: You tend to lose your temper in combat.
                  | [potion of mutation]
 79076 | Geh:1    | Gained mutation: You expend magic power (3 MP) to
                  | strengthen your wands. [potion of mutation]
 79077 | Geh:1    | Lost mutation: Your flesh is very heat resistant. (rF++)
                  | [potion of mutation]
 79077 | Geh:1    | Lost mutation: You tend to lose your temper in combat.
                  | [potion of mutation]
 79077 | Geh:1    | Lost mutation: Your spells are a little easier to cast, but
                  | a little less powerful. [potion of mutation]
 79077 | Geh:1    | Lost mutation: You expend magic power (3 MP) to strengthen
                  | your wands. [potion of mutation]
 79077 | Geh:1    | Gained mutation: Your flesh is very heat resistant. (rF++)
                  | [potion of mutation]
 79077 | Geh:1    | Gained mutation: You are agile. (Dex +2) [potion of
                  | mutation]
 79077 | Geh:1    | Gained mutation: Your flesh is almost immune to the effects
                  | of heat. (rF+++) [potion of mutation]
 79179 | Geh:2    | Reached skill level 1 in Polearms
 79354 | Geh:2    | Received a gift from Okawaru
 80813 | Geh:1    | Reached skill level 15 in Summonings
 80850 | Geh:2    | Reached skill level 5 in Polearms
 81162 | Geh:5    | Received a gift from Okawaru
 81202 | Geh:5    | You fall into a shaft and drop 1 floor!
 81468 | Geh:6    | Received a gift from Okawaru
 81469 | Geh:6    | Got a pair of bloodstained gloves {god gift}
 81726 | Geh:7    | Entered Level 7 of Gehenna
 81919 | Geh:7    | Identified the +1 pair of gloves of the Pits of Slime
                  | {Int+5} (Okawaru gifted it to you on level 6 of Gehenna)
 82351 | Geh:7    | Identified the +7 sceptre of Asmodeus
 82351 | Geh:7    | Noticed Asmodeus
 82495 | Geh:7    | Killed Asmodeus
 82495 | Geh:7    | Received a gift from Okawaru
 82496 | Geh:7    | Got a pair of shimmering boots {god gift}
 82512 | Geh:7    | Identified the -1 pair of boots "Usediedy" {rElec Int+4}
                  | (Okawaru gifted it to you on level 7 of Gehenna)
 82561 | Geh:7    | Got an obsidian rune of Zot
 82909 | Geh:7    | Reached skill level 10 in Evocations
 82911 | Geh:7    | Killed from afar by a Brimstone Fiend

Levels and vault maps discovered:
D:1:      dpeg_arrival_pond, layout_loops_cross
D:2:      layout_loops_ring, marbit_many_paths, uniq_crazy_yiuf_cottage,
          uniq_robin
D:3:      minmay_roachtagon, layout_rooms, lemuel_doored_altar,
          eat_drink_and_be_merry_uskayaw, first_ration, eino_curves_04,
          goddamned_bats
D:4:      layout_basic, kennysheep_small_circle
D:5:      layout_basic, kennysheep_mini, kennysheep_slug_shrine
D:6:      layout_cave_pools, amethyst_overflow_temple_binary, temple_green,
          serial_bayou, serial_bayou_pond_a, serial_bayou_lake_a,
          serial_bayou_lagoon_a, serial_bayou_ford_a,
          nicolae_ossuary_entry_giza, st_stairs_12, uniq_menkaure
D:7:      layout_gridville, nicolae_tso_carved_into_rock, kennysheep_mini_moat
D:8:      layout_loops_ring
D:9:      layout_irregular_city, dpeg_oklobed_lair,
          ploomutoo_gammafunk_ghost_potion_laboratory
D:10:     kennysheep_orc_sif_temple, layout_long_grid, basic_altar,
          small_statue_alley_b, the_bakery, hangedman_misty_isle
D:11:     layout_big_octagon, serial_shops, bzr_firewalk, shop, shop,
          st_stairs_8, dk_noncrumbling_2
D:12:     layout_roguey, minmay_orc_entry_temple_small
D:13:     layout_grid_maze, skrybe_vaults_entry_preservation,
          ebering_ghost_rock_garden
D:14:     layout_roguey, grunt_decor_cap, uniq_roxanne
D:15:     grunt_enter_depths_hoard, layout_loops_cross, basic_altar
Temple:   dshaligram_water_room_temple
Lair:1:   layout_chaotic_city, infiniplex_staircase_pool_2
Lair:2:   layout_cave_shapes, eino_small_chamber_without_monster, wad_woods_03
Lair:3:   layout_gridlike, minivault_25
Lair:4:   layout_regular_city, palyth_hydra_swamp_entry,
          guppyfry_snake_entry_island
Lair:5:   beast_lair_carwin_large_3, layout_gridlike,
          nicolae_volcano_entry_batcave, uniq_urug
Lair:6:   hangedman_lair_in_review, layout_gridlike, minmay_slime_entry_pillars
Swamp:1:  layout_basic_swamp, infiniplex_staircase_pool
Swamp:2:  layout_basic_swamp, basic_altar, uniq_frances
Swamp:3:  layout_basic_swamp, evilmike_swamp_ruin_house_5
Swamp:4:  swamp_basic_johnstein, layout_basic_swamp, swamp_pool1,
          hangedman_swamp_cone, evilmike_swamp_ruin_house_4
Snake:1:  skrybe_snakes_to_sticks, layout_grid_maze,
          ebering_ghost_reflecting_pool
Snake:2:  layout_concentric_octagons
Snake:3:  layout_chambers, hangedman_snake_corridor_split
Snake:4:  grunt_snake_rune_spirals, layout_concentric_octagons, serial_shops,
          nicolae_shop_stone, nicolae_snake_shapes, uniq_kirke
Slime:1:  layout_caves
Slime:2:  layout_caves
Slime:3:  layout_caves
Slime:4:  layout_caves
Slime:5
Orc:1:    layout_caves, basic_altar
Orc:2:    st_orc_open, layout_diamond_mine, portal_ice_cave_rime,
          guppyfry_orc_lava_fort, uniq_jorgrun
Elf:1:    eino_elf_arrival_customs, layout_gridlike, minmay_elf_crystal_hexagon,
          uniq_azrael
Elf:2:    layout_geoelf_octagon, minmay_elf_demonology
Elf:3:    grunt_elf_hall_branching, layout_geoelf_octagon,
          minmay_misc_feat_alley, uniq_louise
Vaults:1: v_pattern_2, hangedman_vaults_stitches, nicolae_vaults_sealed_display,
          vaults_mumra_chevron_long, ontoclasm_vaults_decontamination,
          dpeg_vaults_monster_box, v_misc_4,
          hangedman_vaults_stretched_pinwheel, vaults_room_grid, v_misc_5,
          nicolae_vaults_asterisk, layout_vaults_big_room, serial_shops,
          nicolae_shop_crystal
Vaults:2: nicolae_vaults_shelves_hall, nicolae_vaults_gold_heap,
          vaults_room_boxed, ontoclasm_vaults_ring_large,
          nicolae_vaults_little_ls, v_pattern_4, nicolae_vaults_alarming,
          vaults_room_pool, ontoclasm_vaults_ring_large, layout_vaults_omnigrid,
          minmay_crypt_entry_simple_box, serial_shops, shop, shop,
          nicolae_shop_stone, nicolae_shop_behind_doors, shop, uniq_jory
Vaults:3: nicolae_vaults_hallways_thing, vaults_mumra_minichess, v_misc_31,
          hangedman_vaults_nodes, nicolae_vaults_branching_niches,
          vaults_room_hallway, nicolae_vaults_ring_of_whatevers,
          nicolae_vaults_ninety_degrees, v_misc_27,
          nicolae_vaults_little_squares_2, v_misc_30, vaults_dpeg_cross,
          layout_vaults_maze, serial_shops, statue_bzr, uniq_mennas,
          uniq_bai_suzhen
Vaults:4: st_octagons_1, v_misc_22, v_misc_12, v_misc_33,
          vaults_room_stairs_pillars, vaults_standard_mumra_enter_the_diamond,
          grunt_vaults_hallway_long, vaults_mumra_hexcomb, grunt_vaults_focal,
          vaults_room_pool, hangedman_vaults_snaps, layout_vaults_ring,
          serial_shops, nicolae_shop_statue_plus
Vaults:5: serial_shops
Depths:1: minmay_four_inscribed_fans, layout_basic, hangedman_decor_growths,
          rand_demon_pan_entry_7, pf_vacation_house_of_asmodeus, serial_shops,
          shop, chequers_serial_rivers_micro_d, minivault_16,
          patterned_corridor, uniq_sojobo
Depths:2: minmay_guarded_unrand_majin_bo, layout_honeycomb,
          minmay_misc_feat_iff, rand_demon_pan_entry_8, hell_entry,
          serial_sigils_hangedman_etch, uniq_mara, uniq_asterion
Depths:3: minmay_curly_fans, layout_basic, pan_entry, abyss_entry_crystal,
          pf_hell_entry_tar_river, hangedman_abyss_or_decor_lesser_grid,
          minmay_staircase_bubble, uniq_frederick
Depths:4: box_level_dp, abyss_entry, hell_entry, uniq_saint_roka
Depths:5: evilmike_zot_entry_castle, layout_basic, enter_ziggurat_c, hell_entry,
          lemuel_crystal_altar
Hell
Geh:1:    layout_gehenna_lava_caves
Geh:2:    layout_gehenna_lava_caves
Geh:3:    layout_gehenna_lava_caves
Geh:4:    layout_gehenna_pools_triple
Geh:5:    layout_gehenna_pools_triple
Geh:6:    layout_gehenna_pools_triple
Geh:7:    evilmike_geh

Skill      XL: |  1  2  3  4  5  6  7  8  9 10 11 12 13 14 15 16 17 18 19 20 21 22 23 24 25 26 27 |
---------------+----------------------------------------------------------------------------------+-----
Throwing       | 2 |  2.0
Staves         | 3 4 5 6 7 9 10 11 12 13 14 15 16 17 19 20 21 22 23 24 | 24.1
Dodging        | 3 4 5 6 7 8 9 10 11 12 13 14 15 16 17 18 | 18.5
Fighting       | 3 4 5 6 7 8 9 10 11 12 13 14 15 16 17 18 19 | 19.8
Invocations    | 4 7 10 12 14 16 17 18 19 20 21 22 23 24 | 24.1
Charms         | 4 6 8 |  8.0
Necromancy     | 4 6 7 8 |  8.0
Spellcasting   | 1 3 4 6 8 9 10 11 12 13 | 13.4
Summonings     | 3 4 8 11 13 14 15 | 15.7
Translocations | 2 5 |  5.0
Armour         | 4 |  4.0
Stealth        | 4 7 9 |  9.9
Evocations     | 4 7 10 | 10.0
Polearms       | 8 |  8.4

Action                   |  1- 3 |  4- 6 |  7- 9 | 10-12 | 13-15 | 16-18 | 19-21 | 22-24 | 25-27 || total
-------------------------+-------+-------+-------+-------+-------+-------+-------+-------+-------++-------
Melee: Quarterstaff      |   152 |   260 |   308 |   581 |   948 |  1544 |   667 |       |     4 ||  4464
       Headbutt          |       |       |    54 |   139 |   323 |   499 |   475 |   523 |   901 ||  2914
       Quick blade       |       |       |       |     1 |       |       |       |       |       ||     1
       Lajatang          |       |       |       |       |    33 |       |   775 |  1186 |  2110 ||  4104
Throw: Throwing net      |       |     2 |     4 |     1 |       |     3 |       |       |       ||    10
       Javelin           |       |       |       |       |       |    18 |       |     3 |     9 ||    30
 Cast: Apportation       |       |       |       |     2 |       |     5 |       |       |     1 ||     8
       Animate Skeleton  |       |       |       |       |     4 |    23 |     7 |     7 |     9 ||    50
       Regeneration      |       |       |       |       |     2 |    27 |     8 |     3 |    26 ||    66
       Song of Slaying   |       |       |       |       |     1 |     5 |     6 |     3 |    10 ||    25
       Summon Butterflie |       |       |       |       |       |     4 |       |       |       ||     4
       Shadow Creatures  |       |       |       |       |       |       |       |       |     7 ||     7
       Summon Lightning  |       |       |       |       |       |       |       |       |     4 ||     4
Invok: Heroism           |       |       |       |    12 |    10 |    28 |     9 |     7 |    19 ||    85
       Finesse           |       |       |       |       |     2 |    10 |     5 |     5 |     8 ||    30
Evoke: Wand              |       |       |       |     2 |     5 |    12 |     3 |       |    12 ||    34
       Box of beasts     |       |       |       |       |       |     1 |       |       |       ||     1
  Use: Potion            |       |     3 |     1 |     2 |     6 |    12 |     5 |     1 |    14 ||    44
       Scroll            |       |       |    12 |    13 |    14 |    19 |    13 |     5 |    12 ||    88
 Stab: Sleeping          |     6 |    12 |     2 |    26 |    15 |    10 |    33 |    46 |    45 ||   195
       Held in net/web   |       |     3 |     1 |       |       |       |       |       |       ||     4
       Paralysed         |       |     1 |     2 |    11 |     8 |     5 |     2 |       |       ||    29
       Confused          |       |       |     4 |     2 |     3 |     9 |     3 |       |       ||    21
       Distracted        |       |       |     1 |     2 |       |     8 |     6 |    18 |    26 ||    61
       Petrifying        |       |       |       |     4 |     2 |     8 |       |       |       ||    14
       Petrified         |       |       |       |       |       |     3 |     1 |       |       ||     4
       Invisible         |       |       |       |       |       |       |       |       |    12 ||    12
  Eat: Chunk             |     2 |    10 |     8 |    23 |    25 |    20 |    25 |    24 |    10 ||   147
       Ration            |       |       |     3 |     3 |     2 |    11 |     5 |     4 |    11 ||    39
Armor: Leather armour    |    53 |   153 |    47 |    44 |       |       |       |       |       ||   297
       Troll leather arm |       |       |       |    43 |   140 |   233 |   114 |    98 |   218 ||   846
       Chain mail        |       |       |       |       |       |     5 |       |       |       ||     5
Dodge: Dodged            |   100 |   289 |   160 |   395 |   622 |  1150 |   758 |   709 |  1709 ||  5892
Block: Other             |       |       |       |    72 |   163 |   221 |   172 |   122 |   363 ||  1113
       Reflection        |       |       |       |     1 |    14 |    24 |    26 |     7 |     2 ||    74
